| TOP OF THE 1ST |
|
Tijuana Toros batting - Pitching for Calgary Flames : RHP Bruce Boivin
|
|
Pitching: RHP Bruce Boivin
|
|
|
Batting: RHB Alex Diaz
|
0-0: Ball 1-0: Ball 2-0: Called Strike 2-1: Swinging Strike 2-2: Strikes out swinging
|
|
Batting: RHB Guo Kwok
|
0-0: Ball 1-0: Called Strike 1-1: Ground out 6-3 (Groundball, 6, EV 80.6 MPH)
|
|
Batting: RHB Jerry Afghani
|
0-0: Ball 1-0: Ground out 4-3 (Groundball, 4, EV 90.6 MPH)
|
| Top of the 1st over - 0 runs, 0 hits, 0 errors, 0 left on base; Tijuana 0 - Calgary 0 |
| BOTTOM OF THE 1ST |
|
Calgary Flames batting - Pitching for Tijuana Toros : LHP Israel Cerna
|
|
Pitching: LHP Israel Cerna
|
|
|
Batting: SHB Yu-hsui Lew
|
0-0: Called Strike 0-1: Ball 1-1: Swinging Strike 1-2: Ball 2-2: Foul Ball, location: 2F 2-2: Foul Ball, location: 2F 2-2: Strikes out looking
|
|
Batting: RHB Andre Thompson
|
0-0: Ball 1-0: Foul Ball, location: 2F 1-1: Foul Ball, location: 2F 1-2: Foul Ball, location: 2F 1-2: Foul Ball, location: 2F 1-2: Ball 2-2: Ball 3-2: Strikes out looking
|
|
Batting: SHB Steve Wipf
|
0-0: Ball 1-0: Called Strike 1-1: Ball 2-1: Ground out U3 (Groundball, 34, EV 101.9 MPH)
|
| Bottom of the 1st over - 0 runs, 0 hits, 0 errors, 0 left on base; Tijuana 0 - Calgary 0 |
| TOP OF THE 2ND |
|
Tijuana Toros batting - Pitching for Calgary Flames : RHP Bruce Boivin
|
|
Batting: RHB Mario Diaz
|
0-0: Swinging Strike 0-1: Ball 1-1: Ball 2-1: Ground out 4-3 (Groundball, 4, EV 83.8 MPH)
|
|
Batting: RHB Tan-ming Kwan
|
0-0: Called Strike 0-1: Foul Ball, location: 2F 0-2: Foul Ball, location: 2F 0-2: Strikes out looking
|
|
Batting: RHB Jesus Herrera
|
0-0: Ball 1-0: Called Strike 1-1: Swinging Strike 1-2: Ball 2-2: Strikes out swinging
|
| Top of the 2nd over - 0 runs, 0 hits, 0 errors, 0 left on base; Tijuana 0 - Calgary 0 |
| BOTTOM OF THE 2ND |
|
Calgary Flames batting - Pitching for Tijuana Toros : LHP Israel Cerna
|
|
Batting: RHB Tyler Johnson
|
0-0: Foul Ball, location: 2F 0-1: Ground out 5-3 (Groundball, 56, EV 108.8 MPH)
|
|
Batting: LHB Greg Robertson
|
0-0: Ball 1-0: Swinging Strike 1-1: Ground out 4-3 (Groundball, 3D, EV 99.4 MPH)
|
|
Batting: RHB Bruce Lovett
|
0-0: Ball 1-0: Ball 2-0: Foul Ball, location: 2F 2-1: Fly out, F6 (Popup, 6MS, EV 74.4 MPH)
|
| Bottom of the 2nd over - 0 runs, 0 hits, 0 errors, 0 left on base; Tijuana 0 - Calgary 0 |
| TOP OF THE 3RD |
|
Tijuana Toros batting - Pitching for Calgary Flames : RHP Bruce Boivin
|
|
Batting: RHB Guillermo Puente
|
0-0: Foul Ball, location: 2F 0-1: Ball 1-1: Ground out 4-3 (Groundball, 4D, EV 100.0 MPH)
|
|
Batting: RHB Clay Holgate
|
0-0: Ball 1-0: Bunt for hit to P - play at first, batter OUT! 1-3
|
|
Batting: LHB Gerardo Arriaga
|
0-0: Called Strike 0-1: Ball 1-1: Ball 2-1: Swinging Strike 2-2: Foul Ball, location: 2F 2-2: Foul Ball, location: 2F 2-2: Ball 3-2: Strikes out swinging
|
| Top of the 3rd over - 0 runs, 0 hits, 0 errors, 0 left on base; Tijuana 0 - Calgary 0 |
| BOTTOM OF THE 3RD |
|
Calgary Flames batting - Pitching for Tijuana Toros : LHP Israel Cerna
|
|
Batting: RHB Frank Pinksen
|
0-0: Called Strike 0-1: Ball 1-1: SINGLE (Groundball, 56D, EV 105.0 MPH)
|
|
Batting: RHB Jim Harkness
|
0-0: Ball Frank Pinksen steals 2nd base 1-0: Ball 2-0: Called Strike 2-1: Swinging Strike 2-2: Foul Ball, location: 2F 2-2: Strikes out looking
|
|
Batting: RHB Jerry Olson
|
0-0: Ball 1-0: Ball 2-0: Called Strike 2-1: Ball Passed Ball! Frank Pinksen to third 3-1: Foul Ball, location: 2F 3-2: Foul Ball, location: 2F 3-2: Strikes out swinging
|
|
Batting: SHB Yu-hsui Lew
|
0-0: Ball 1-0: Fly out, F8 (Flyball, 8RD, EV 80.0 MPH)
|
| Bottom of the 3rd over - 0 runs, 1 hit, 0 errors, 1 left on base; Tijuana 0 - Calgary 0 |
| TOP OF THE 4TH |
|
Tijuana Toros batting - Pitching for Calgary Flames : RHP Bruce Boivin
|
|
Batting: RHB Alex Diaz
|
0-0: Called Strike 0-1: Foul Ball, location: 2F 0-2: Ball 1-2: Strikes out swinging
|
|
Batting: RHB Guo Kwok
|
0-0: Called Strike 0-1: Ground out 6-3 (Groundball, 6, EV 97.5 MPH)
|
|
Batting: RHB Jerry Afghani
|
0-0: Called Strike 0-1: Called Strike 0-2: Ball 1-2: Strikes out swinging
|
| Top of the 4th over - 0 runs, 0 hits, 0 errors, 0 left on base; Tijuana 0 - Calgary 0 |
| BOTTOM OF THE 4TH |
|
Calgary Flames batting - Pitching for Tijuana Toros : LHP Israel Cerna
|
|
Batting: RHB Andre Thompson
|
0-0: Ball 1-0: Ball 2-0: Ground out 6-3 (Groundball, 56, EV 88.8 MPH)
|
|
Batting: SHB Steve Wipf
|
0-0: Ball 1-0: SINGLE (Groundball, 34D, EV 110.0 MPH)
|
|
Batting: RHB Tyler Johnson
|
0-0: Foul Ball, location: 2F 0-1: Foul Ball, location: 2F 0-2: Strikes out looking
|
|
Batting: LHB Greg Robertson
|
0-0: Ball 1-0: Ground out U3 (Groundball, 3L, EV 101.2 MPH)
|
| Bottom of the 4th over - 0 runs, 1 hit, 0 errors, 1 left on base; Tijuana 0 - Calgary 0 |
| TOP OF THE 5TH |
|
Tijuana Toros batting - Pitching for Calgary Flames : RHP Bruce Boivin
|
|
Batting: RHB Mario Diaz
|
0-0: Swinging Strike 0-1: Called Strike 0-2: Foul Ball, location: 2F 0-2: Fly out, F8 (Flyball, 8LXD, EV 95.0 MPH)
|
|
Batting: RHB Tan-ming Kwan
|
0-0: Called Strike 0-1: Foul Ball, location: 2F 0-2: Ball 1-2: SINGLE (Flyball, 9LS, EV 85.6 MPH)
|
|
Batting: RHB Jesus Herrera
|
0-0: Swinging Strike 0-1: Fly out, F9 (Line Drive, 9, EV 100.0 MPH)
|
|
Batting: RHB Guillermo Puente
|
0-0: Foul Ball, location: 2F 0-1: Called Strike 0-2: Ball 1-2: Foul Ball, location: 2F 1-2: Ball 2-2: Foul Ball, location: 2F 2-2: Foul Ball, location: 2F 2-2: Foul Ball, location: 2F 2-2: SINGLE (Groundball, 6MS, EV 63.1 MPH) (infield hit) Tan-ming Kwan to second
|
|
Batting: RHB Clay Holgate
|
0-0: Swinging Strike 0-1: Foul Ball, location: 2F 0-2: Ball 1-2: Strikes out looking
|
| Top of the 5th over - 0 runs, 2 hits, 0 errors, 2 left on base; Tijuana 0 - Calgary 0 |
| BOTTOM OF THE 5TH |
|
Calgary Flames batting - Pitching for Tijuana Toros : LHP Israel Cerna
|
|
Batting: RHB Bruce Lovett
|
0-0: Ball 1-0: Ball 2-0: Called Strike 2-1: Foul Ball, location: 2F 2-2: Strikes out looking
|
|
Batting: RHB Frank Pinksen
|
0-0: Ground out 6-3 (Groundball, 6, EV 103.8 MPH)
|
|
Batting: RHB Jim Harkness
|
0-0: Ball 1-0: Called Strike 1-1: Swinging Strike 1-2: Strikes out swinging
|
| Bottom of the 5th over - 0 runs, 0 hits, 0 errors, 0 left on base; Tijuana 0 - Calgary 0 |
| TOP OF THE 6TH |
|
Tijuana Toros batting - Pitching for Calgary Flames : RHP Bruce Boivin
|
|
Batting: LHB Gerardo Arriaga
|
0-0: Ball 1-0: Called Strike 1-1: Ground out U3 (Groundball, 3, EV 86.2 MPH)
|
|
Batting: RHB Alex Diaz
|
0-0: Ball 1-0: Ball 2-0: Ball 3-0: Called Strike 3-1: SINGLE (Groundball, 5, EV 103.1 MPH)
|
|
Batting: RHB Guo Kwok
|
0-0: Called Strike 0-1: Called Strike Alex Diaz is caught stealing 2nd base 2-4 0-2: Ball 1-2: Ground out 6-3 (Groundball, 6, EV 101.2 MPH)
|
| Top of the 6th over - 0 runs, 1 hit, 0 errors, 0 left on base; Tijuana 0 - Calgary 0 |
| BOTTOM OF THE 6TH |
|
Calgary Flames batting - Pitching for Tijuana Toros : LHP Israel Cerna
|
|
Batting: RHB Jerry Olson
|
0-0: Ball 1-0: Ball 2-0: Called Strike 2-1: Ball 3-1: Foul Ball, location: 2F 3-2: Foul Ball, location: 2F 3-2: Base on Balls
|
|
Batting: SHB Yu-hsui Lew
|
0-0: Called Strike Jerry Olson steals 2nd base 0-1: Ball 1-1: Foul Ball, location: 2F 1-2: Strikes out swinging
|
|
Batting: RHB Andre Thompson
|
0-0: Called Strike 0-1: Foul Ball, location: 2F 0-2: Ball Wild Pitch! Jerry Olson to third 1-2: Foul Ball, location: 2F 1-2: SINGLE (Groundball, 56, EV 100.0 MPH) Jerry Olson scores
|
|
Batting: SHB Steve Wipf
|
0-0: Called Strike 0-1: Fly out, F6 (Popup, 6S, EV 68.8 MPH)
|
|
Batting: RHB Tyler Johnson
|
0-0: Ball Andre Thompson steals 2nd base 1-0: Ball 2-0: Fly out, F8 (Flyball, 8LM, EV 92.5 MPH)
|
| Bottom of the 6th over - 1 run, 1 hit, 0 errors, 1 left on base; Tijuana 0 - Calgary 1 |
| TOP OF THE 7TH |
|
Tijuana Toros batting - Pitching for Calgary Flames : RHP Bruce Boivin
|
|
Pitching: RHP Jake Costanzo
|
|
|
Batting: RHB Jerry Afghani
|
0-0: Ball 1-0: Foul Ball, location: 2F 1-1: Foul Ball, location: 2F 1-2: Foul Ball, location: 2F 1-2: Ground out 4-3 (Groundball, 4, EV 100.6 MPH)
|
|
Batting: RHB Mario Diaz
|
0-0: Called Strike 0-1: Swinging Strike 0-2: Ball 1-2: Strikes out swinging
|
|
Batting: RHB Tan-ming Kwan
|
0-0: Foul Ball, location: 2F 0-1: Fly out, F9 (Flyball, 9, EV 81.2 MPH)
|
| Top of the 7th over - 0 runs, 0 hits, 0 errors, 0 left on base; Tijuana 0 - Calgary 1 |
| BOTTOM OF THE 7TH |
|
Calgary Flames batting - Pitching for Tijuana Toros : LHP Israel Cerna
|
|
Batting: LHB Greg Robertson
|
0-0: Ball 1-0: Called Strike 1-1: Ball 2-1: Ball 3-1: Base on Balls
|
|
Batting: RHB Bruce Lovett
|
0-0: Bunted foul 0-1: Sac Bunt to 5S - play at first, batter OUT! 5-3 Greg Robertson to second
|
|
Batting: RHB Frank Pinksen
|
0-0: Called Strike 0-1: Fly out, F8 (Flyball, 8LXD, EV 101.9 MPH) Runner from 2nd tags up, SAFE at 3rd, no throw by CF
|
|
Batting: RHB Jim Harkness
|
0-0: Ball 1-0: Foul Ball, location: 2F 1-1: Ball 2-1: SINGLE (Groundball, 4M, EV 94.4 MPH) Greg Robertson scores
|
|
Batting: RHB Jerry Olson
|
0-0: Called Strike 0-1: Ball 1-1: Swinging Strike 1-2: Strikes out swinging
|
| Bottom of the 7th over - 1 run, 1 hit, 0 errors, 1 left on base; Tijuana 0 - Calgary 2 |
| TOP OF THE 8TH |
|
Tijuana Toros batting - Pitching for Calgary Flames : RHP Jake Costanzo
|
|
Batting: RHB Jesus Herrera
|
0-0: Ball 1-0: Ball 2-0: Ball 3-0: Foul Ball, location: 2F 3-1: Base on Balls
|
|
Batting: RHB Guillermo Puente
|
0-0: Foul Ball, location: 2F 0-1: Foul Ball, location: 2F 0-2: Fly out, F9 (Flyball, 9, EV 91.2 MPH)
|
|
Batting: RHB Djoka Subasic
|
0-0: Foul Ball, location: 2F 0-1: Ball 1-1: Fly out, F8 (Flyball, 8RS, EV 75.0 MPH)
|
|
Pinch Hitting: RHB Jaylen North
|
0-0: Fielders Choice at 2nd, 5-4 (Groundball, 56, EV 102.5 MPH)
|
| Top of the 8th over - 0 runs, 0 hits, 0 errors, 1 left on base; Tijuana 0 - Calgary 2 |
| BOTTOM OF THE 8TH |
|
Calgary Flames batting - Pitching for Tijuana Toros : LHP Israel Cerna
|
|
Now in RF: Luis Diaz
|
|
|
Batting: SHB Yu-hsui Lew
|
0-0: Ball 1-0: Called Strike 1-1: SINGLE (Groundball, 4S, EV 67.5 MPH) (infield hit)
|
|
Pitching: RHP Karl Sullivan
|
|
|
Batting: RHB Andre Thompson
|
0-0: Called Strike 0-1: Ball Wild Pitch! Yu-hsui Lew to second 1-1: Ball 2-1: Foul Ball, location: 2F 2-2: SINGLE (Groundball, 25, EV 73.8 MPH) (infield hit) Yu-hsui Lew to third
|
|
Batting: SHB Steve Wipf
|
0-0: Ball Wild Pitch! Yu-hsui Lew scores Andre Thompson to second 1-0: Intentional Walk
|
|
Batting: RHB Tyler Johnson
|
0-0: Swinging Strike 0-1: Swinging Strike 0-2: Strikes out swinging
|
|
Batting: LHB Greg Robertson
|
0-0: Ball 1-0: Fly out, F7 (Line Drive, 7S, EV 95.0 MPH)
|
|
Pinch Hitting: LHB Danny Valdovinos
|
0-0: Foul Ball, location: 2F 0-1: Ball 1-1: Ball 2-1: Fly out, F8 (Flyball, 78D, EV 108.1 MPH)
|
| Bottom of the 8th over - 1 run, 2 hits, 0 errors, 2 left on base; Tijuana 0 - Calgary 3 |
| TOP OF THE 9TH |
|
Tijuana Toros batting - Pitching for Calgary Flames : RHP Jake Costanzo
|
|
Pitching: RHP David Lewis
|
|
|
Now at 3B: Alejandro Patron
|
|
|
Batting: RHB Alex Diaz
|
0-0: Ball 1-0: Fly out, F8 (Flyball, 89M, EV 92.5 MPH)
|
|
Batting: RHB Guo Kwok
|
0-0: Swinging Strike 0-1: Ball 1-1: Foul Ball, location: 2F 1-2: Ball 2-2: Strikes out looking
|
|
Batting: RHB Jerry Afghani
|
0-0: Swinging Strike 0-1: Ball 1-1: Foul Ball, location: 2F 1-2: Strikes out swinging
|
| Top of the 9th over - 0 runs, 0 hits, 0 errors, 0 left on base; Tijuana 0 - Calgary 3 |
|